 Dungeon Sprint DCSS version 0.21.2 (webtiles) character file.

1075 Fang the Cleaver (level 8, -1/59 HPs)
             Began as a Gargoyle Berserker on Dec 20, 2018.
             Was the Champion of Trog.
             Slain by a vampire (4 damage)
             ... in the Dungeon (Sprint VII: "The Pits").
             The game lasted 00:02:02 (644 turns).

Fang the Cleaver (Gargoyle Berserker)                Turns: 644, Time: 00:02:02

Health: -1/59      AC: 21    Str: 23    XL:     8   Next: 29%
Magic:  8/8        EV: 12    Int:  8    God:    Trog [******]
Gold:   0          SH:  0    Dex: 12    Spells: 7/7 levels left

rFire    . . .     SeeInvis .   m - +0 hand axe (chop)
rCold    . . .     Gourm    .   (no shield)
rNeg     + . .     Faith    .   n - +2 plate armour
rPois    ∞         Spirit   .   t - +0 helmet
rElec    +         Reflect  .   (no cloak)
rCorr    .         Harm     .   (no gloves)
MR       .....     NoTele   +   (no boots)
Stlth    ..........             (no amulet)
HPRegen  0.19/turn              p - +3 ring of evasion
MPRegen  0.11/turn              r - +3 ring of dexterity

@: confused
A: negative energy resistance 1, electricity resistance, unbreathing,
petrification resistance, rot immunity, AC +5
a: Berserk, Trog's Hand, Brothers in Arms, Burn Spellbooks, Renounce Religion


You were in the Dungeon.
You worshipped Trog.
Trog was exalted by your worship.
You were hungry.

You visited 1 branch

Inventory:

Hand Weapons
 m - a +0 hand axe of chopping (weapon)
Armour
 n - a +2 plate armour (worn)
 t - a +0 helmet (worn)
Jewellery
 p - a +3 ring of evasion (left hand)
 r - a +3 ring of dexterity (right hand)
Scrolls
 i - a scroll of blinking
 k - 3 scrolls of remove curse
 l - a scroll of summoning
Potions
 a - 2 potions of invisibility
 d - 6 potions of curing
 e - 7 potions of heal wounds
 f - 2 potions of haste
 g - 4 potions of magic
 h - 5 potions of berserk rage
 q - 3 potions of brilliance
 s - a potion of might
Comestibles
 c - 9 rations


   Skills:
 + Level 10.7 Fighting
 + Level 11.4 Axes
 + Level 5.7 Armour
 + Level 6.3 Dodging


You had 7 spell levels left.
You didn't know any spells.

Dungeon Overview and Level Annotations

Branches:
Dungeon (1/1)

Altars:
Ashenzari
Cheibriados
Dithmenos
Elyvilon
Fedhas
Gozag
Hepliaklqana
Kikubaaqudgha
Makhleb
Nemelex Xobeh
Okawaru
Qazlal
Ru
Sif Muna
Trog
Uskayaw
Vehumet
Wu Jian
Xom
Yredelemnul
Zin
The Shining One
Beogh
Jiyva
Lugonu


Innate Abilities, Weirdness & Mutations

You are resistant to torment.
Your stone body is resilient. (AC +5)
You are immune to poison.
You resist negative energy. (rN+)
You are resistant to electric shocks. (rElec)
You can survive without breathing.
You are immune to petrification.
You are immune to rotting.


Message History

You're too confused to attack without stumbling around!
You're too confused to attack without stumbling around!
You're too confused to attack without stumbling around!
You're too confused to attack without stumbling around!
You're too confused to attack without stumbling around!
You're too confused to attack without stumbling around!
You're too confused!
You bump into the metal wall.
Something hits you. Something barely misses you.
You miss something.
You bump into the metal wall.
Something hits you but does no damage. Something bites you.
* * * LOW HITPOINT WARNING * * *
You bump into the metal wall.
Something hits you!
* * * LOW HITPOINT WARNING * * *
Something bites you but does no damage.
You slash something! Something hits you.
* * * LOW HITPOINT WARNING * * *
Something bites you but does no damage.
You bump into the metal wall.
Something hits you.
You die...

##................#
##......#..#......#
##................+
.'................+
##......#..#......#
##................#
#####'#####''######
##.......##''#####
##.......##....{@#
##.......##..)[###
##...<...##...##
##.......##..##
##.......##..#
##.......##..#
###########..'
###########..#
....#.!)[##..#


There were no monsters in sight!

Vanquished Creatures
  A hellwing (D)
  An efreet (D)
  Menkaure (D)
  A swamp drake (D)
  A phantom (D)
  2 big kobolds (D)
  A quasit (D)
  An orc wizard (D)
  Jessica (D)
  A worker ant (D)
  A river rat (D)
  2 ufetubi (D)
  2 orcs (D)
  A bat zombie (D)
  2 goblins (D)
  A hobgoblin (D)
  11 jackals (D)
  A jackal zombie (D)
32 creatures vanquished.

Vanquished Creatures (others)
  A leopard gecko skeleton (D)
1 creature vanquished.

Grand Total: 33 creatures vanquished

Notes
Turn   | Place    | Note
-------+----------+-------------------------------------------
     0 | D        | Fang the Gargoyle Berserker began the quest for the Orb.
     0 | D        | Reached XP level 1. HP: 14/14 MP: 1/1
    14 | D        | Reached skill level 3 in Axes
    55 | D        | Reached XP level 2. HP: 20/20 MP: 2/2
    57 | D        | Reached ** piety under Trog
    75 | D        | Reached skill level 4 in Axes
    81 | D        | Noticed Menkaure
    85 | D        | Reached *** piety under Trog
    85 | D        | Reached skill level 5 in Fighting
    85 | D        | Reached XP level 3. HP: 26/26 MP: 3/3
    89 | D        | Killed Menkaure
    89 | D        | Reached **** piety under Trog
    89 | D        | Reached skill level 6 in Axes
    89 | D        | Reached XP level 4. HP: 34/34 MP: 4/4
    89 | D        | Reached XP level 5. HP: 38/38 MP: 5/5
   192 | D        | Noticed a big kobold
   192 | D        | Noticed a phantom
   200 | D        | Killed a big kobold
   200 | D        | Reached ***** piety under Trog
   200 | D        | Reached skill level 7 in Axes
   200 | D        | Reached XP level 6. HP: 44/44 MP: 6/6
   203 | D        | Received a gift from Trog
   212 | D        | Reached skill level 8 in Axes
   223 | D        | Killed a phantom
   330 | D        | Reached skill level 9 in Axes
   330 | D        | Reached skill level 5 in Dodging
   333 | D        | Noticed a hellwing
   350 | D        | Killed a hellwing
   350 | D        | Reached skill level 10 in Axes
   350 | D        | Reached skill level 5 in Armour
   350 | D        | Reached XP level 7. HP: 52/52 MP: 7/7
   402 | D        | Reached ****** piety under Trog
   405 | D        | Reached skill level 10 in Fighting
   409 | D        | Noticed an efreet
   417 | D        | Killed an efreet
   417 | D        | Reached skill level 11 in Axes
   417 | D        | Reached XP level 8. HP: 58/58 MP: 8/8
   570 | D        | Found a bloodstained altar of Trog.
   570 | D        | Found a deep blue altar of Sif Muna.
   570 | D        | Found a viscous altar of Jiyva.
   570 | D        | Found a hazy altar of Hepliaklqana.
   570 | D        | Found an opulent altar of Gozag.
   571 | D        | Found a glowing golden altar of the Shining One.
   571 | D        | Found a glowing silver altar of Zin.
   571 | D        | Found a basalt altar of Yredelemnul.
   571 | D        | Found a shimmering altar of Xom.
   571 | D        | Found an ornate altar of the Wu Jian Council.
   571 | D        | Found a sacrificial altar of Ru.
   571 | D        | Found a stormy altar of Qazlal.
   571 | D        | Found an iron altar of Okawaru.
   571 | D        | Found a sparkling altar of Nemelex Xobeh.
   571 | D        | Found a burning altar of Makhleb.
   571 | D        | Found a blossoming altar of Fedhas.
   571 | D        | Found a white marble altar of Elyvilon.
   571 | D        | Found a shadowy altar of Dithmenos.
   571 | D        | Found a snail-covered altar of Cheibriados.
   572 | D        | Found a radiant altar of Vehumet.
   572 | D        | Found a corrupted altar of Lugonu.
   572 | D        | Found a roughly hewn altar of Beogh.
   573 | D        | Found a hide-covered altar of Uskayaw.
   573 | D        | Found an ancient bone altar of Kikubaaqudgha.
   573 | D        | Found a shattered altar of Ashenzari.
   595 | D        | Noticed Jessica
   602 | D        | Noticed a vampire
   606 | D        | Killed Jessica
   606 | D        | Received a gift from Trog
   644 | D        | Slain by a vampire

Skill      XL: |  1  2  3  4  5  6  7 |
---------------+----------------------+-----
Fighting       | 4 5 7 8 9 10 | 10.7
Axes           | 3 4 6 7 10 11 | 11.4
Dodging        | 2 3 4 5 6 |  6.3
Armour         | 3 5 |  5.7

Action                   |  1- 3 |  4- 6 |  7- 9 || total
-------------------------+-------+-------+-------++-------
Melee: Hand axe          |    27 |    46 |    42 ||   115
Invok: Berserk           |     1 |     2 |     1 ||     4
  Use: Potion            |       |       |     1 ||     1
  Eat: Chunk             |       |       |     2 ||     2
Armor: Animal skin       |    25 |       |       ||    25
       Plate armour      |       |    29 |    34 ||    63
Dodge: Dodged            |    30 |    17 |    11 ||    58
